 Dungeon Crawl Stone Soup version 0.31.0 (webtiles) character file.

Game seed: 14164123256788880027

1864 Daunt the Cleaver (level 8, -1/66 HPs)
             Began as a Minotaur Wanderer on Jan 19, 2024.
             Was a Follower of Hepliaklqana.
             Slain by Edmund
             ... wielding a +1 dire flail of holy wrath
              (9 damage)
             ... on level 5 of the Dungeon.
             The game lasted 00:14:45 (3890 turns).

Daunt the Cleaver (Minotaur Wanderer)               Turns: 3890, Time: 00:14:46

Health: -1/66      AC: 10    Str: 14    XL:     8   Next: 90%
Magic:  4/7        EV:  7    Int: 10    God:    Hepliaklqana [*.....]
Gold:   105        SH:  0    Dex: 14    Spells: 7/7 levels left

rFire   . . .        a - +2 hand axe (elec)
rCold   + . .        (no shield)
rNeg    + . .        i - +1 chain mail {rN+}
rPois   .            d - +0 hat
rElec   .            (no cloak)
rCorr   .            (no gloves)
SInv    +            (no boots)
Will    .....        (no amulet) Stlth
                     m - ring of see invisible
HPRegen 0.31/turn    r - ring of protection from cold
MPRegen 0.10/turn

%: no passive effects
@: no status effects
A: reduced essence, horns 2, retaliatory headbutt
a: Renounce Religion, Recall Ancestor, Ancestor Identity


You were on level 5 of the Dungeon.
You worshipped Hepliaklqana.
Hepliaklqana was aware of your devotion.
You visited 1 branch of the dungeon, and saw 7 of its levels.

You collected 213 gold pieces.
You spent 108 gold pieces at shops.

Inventory:

Hand Weapons
 a - a +2 hand axe of electrocution (weapon)
 b - a +0 sling
 c - a +0 short sword
 A - a +2 dagger
 D - a +0 war axe
Missiles
 g - 2 throwing nets
 k - 14 stones
 v - 5 boomerangs (quivered)
Armour
 d - a +0 hat (worn)
 i - a +1 chain mail of positive energy (worn)
Jewellery
 m - a ring of see invisible (left hand)
 r - a ring of protection from cold (right hand)
 t - the ring of Arrival {Fire rPois Will+ Int+3 Slay-3}
   (You found it on level 2 of the Dungeon)

   [ring of fire]

   Fire:      It enhances your fire magic.
   Int+3:     It affects your intelligence (+3).
   Slay-3:    It affects your accuracy & damage with ranged weapons and melee
   (-3).
   rF+:       It protects you from fire.
   rC-:       It makes you vulnerable to cold.
   rPois:     It protects you from poison Will+: It increases your willpower.
Wands
 e - a wand of flame (15)
Scrolls
 h - a scroll of revelation {unknown}
 o - a scroll of immolation {unknown}
 q - 3 scrolls of enchant armour {unknown}
 s - a scroll of fear {unknown}
 u - 2 scrolls of poison {unknown}
 y - a scroll of fog
 z - 2 scrolls of teleportation
Potions
 j - a potion of cancellation
 n - a potion of magic
 p - 3 potions of brilliance
 B - 2 potions of lignification
 E - a potion of curing


   Skills:
 - Level 7.7 Fighting
 - Level 1.1 Short Blades
 * Level 11.1 Axes
 - Level 1.0 Throwing
 + Level 5.1 Armour
 - Level 2.1 Dodging
 - Level 1.5 Stealth


You had 7 spell levels left.
You didn't know any spells.
Your spell library contained the following spells:

 Spells                   Type           Power      Damage    Failure   Level
 Shock                    Conj/Air       0%         1d3       99%         1
 Swiftness                Air            0%         N/A       100%        3
 Airstrike                Air            0%         2d(0-16)  100%        4


Dungeon Overview and Level Annotations

Branches:
Dungeon (7/15)
 Temple: D:4-7

Altars:
Hepliaklqana

Shops:
D:3 ?   D:5 [

Annotations:
D:2 Sigmund
D:3 3 runed translucent doors, middlethird's ghost, amateur VSEE
D:5 Edmund
D:6 Prince Ribbit


Innate Abilities, Weirdness & Mutations

Your life essence is reduced to manifest your ancestor. (-10% HP)
You have a pair of horns on your head.
You reflexively headbutt those who attack you in melee.


Message History

You feel less wooden.
Your +0 hat unmelds from your body.
Your +1 chain mail of positive energy unmelds from your body.
You feel more protected from negative energy.
Unknown command.
Unknown command.
Xochipepe closely misses Edmund.
Press: ? - help, v - describe, . - travel, g - get item
Here: Edmund, wielding a +1 dire flail of holy wrath and wearing a +3 chain mail of cold resistance (ally target)
Items here: a +0 ring mail; a +0 falchion; 26 gold pieces.
The floor.
Unknown command.
Xochipepe misses Edmund.
Edmund says, "A flail is better than a scythe, any day of the week!"
Edmund closely misses you.
Xochipepe hits Edmund.
Edmund hits you with a +1 dire flail of holy wrath!
* * * LOW HITPOINT WARNING * * *
Xochipepe hits Edmund but does no damage.
Okay, then.
Unknown command.
Unknown command.
Unknown command.
Edmund says, "People will remember me!
They'll remember me and die!"
Edmund clears his throat.
Found a scale mail.
Edmund attacks as he pursues you!
Edmund hits you with a +1 dire flail of holy wrath!
* * * LOW HITPOINT WARNING * * *
Unknown command.
Okay, then.
Unknown command.
Unknown command.
You feel better.
Edmund hits you with a +1 dire flail of holy wrath.
* * * LOW HITPOINT WARNING * * *
Xochipepe closely misses Edmund.
Edmund attacks as he pursues you!
Edmund hits you with a +1 dire flail of holy wrath!
You die...
Edmund whines, "They better pay attention to me now!"

#[....... #........# #........#
#........# ### ###### #........#
#.#### #....# ........## ##...##
#.##.####.#.#..... #....##
#.....@@.R....#
###...#######.......####
##....###....###.[.#####
##.##.....#.......[....#
#......#########.....#.######
..##...##.### #.>....##........##
..#....##...###.####.###.....[...
.##....####..#..# #.# ######....
.####..# ##.#.## #.# #.....


You could see the friendly Xochipepe the ancestor and Edmund (ally target).

Vanquished Creatures
  Pikel (D:5)
  Jeremiah (D:7)
  Grinder (D:4)
  A black bear (D:4)
  An ogre (D:6)
  A centaur (D:7)
  A bullfrog (D:6)
  2 scorpions
  A jelly (D:6)
  2 hounds
  A bombardier beetle (D:5)
  An orc priest (D:5)
  2 sleepcaps
  An iguana (D:5)
  Natasha (thrice) (D:2)
  4 gnolls (D:4)
  8 adders
  A white imp (D:4)
  A ribbon worm (D:4)
  A dart slug (D:3)
  6 orcs
  5 ball pythons
  6 bats
  5 endoplasms
  2 giant cockroaches
  8 goblins
  8 hobgoblins
  A quokka (D:1)
  A frilled lizard (D:1)
  4 kobolds
  4 rats (D:1)
85 creatures vanquished.

Vanquished Creatures (collateral kills)
  2 orcs (D:5)
  A kobold (D:4)
3 creatures vanquished.

Vanquished Creatures (others)
  An ancestor (D:5)
1 creature vanquished.

Grand Total: 89 creatures vanquished

Notes
Turn   | Place    | Note
-------+----------+-------------------------------------------
     0 | D:1      | Daunt the Minotaur Wanderer began the quest for the Orb.
     0 | D:1      | Daunt set off with the following items: a +2 dagger, a
                  | potion of brilliance, a +0 short sword, a +0 hat, a scroll
                  | of vulnerability, a +0 leather armour.
     0 | D:1      | Reached XP level 1. HP: 22/22 MP: 0/0
    22 | D:1      | Reached skill level 5 in Fighting
    88 | D:1      | Reached XP level 2. HP: 29/29 MP: 1/1
   754 | D:2      | Noticed Natasha
   762 | D:2      | Killed Natasha
   763 | D:2      | Reached XP level 3. HP: 16/38 MP: 2/2
   890 | D:2      | Noticed Natasha
   899 | D:2      | Killed Natasha
   900 | D:2      | Reached XP level 4. HP: 37/45 MP: 3/3
   941 | D:2      | Found a hazy altar of Hepliaklqana.
   941 | D:2      | Noticed Sigmund
   963 | D:2      | Became a worshipper of Hepliaklqana the Forgotten
  1070 | D:2      | Noticed Natasha
  1077 | D:2      | Killed Natasha
  1093 | D:2      | Identified the ring of Arrival {Fire rPois Will+ Int+3
                  | Slay-3}
  1733 | D:3      | Reached XP level 5. HP: 48/53 MP: 4/4
  1771 | D:3      | Found a runed translucent gate.
  1771 | D:3      | Found a runed translucent gate.
  1784 | D:3      | Found Plog's Magic Scroll Shop.
  1796 | D:3      | Bought a scroll of fog for 48 gold pieces
  1796 | D:3      | Bought a scroll of teleportation for 36 gold pieces
  1796 | D:3      | Bought a scroll of identify for 24 gold pieces
  1824 | D:3      | Found a runed translucent gate.
  1824 | D:3      | Noticed middlethird's ghost (amateur VSEE)
  1951 | D:3      | Reached skill level 1 in Axes
  2105 | D:4      | Noticed a black bear
  2132 | D:3      | Reached skill level 2 in Axes
  2357 | D:4      | Reached skill level 3 in Axes
  2366 | D:4      | Reached XP level 6. HP: 51/61 MP: 5/5
  2400 | D:4      | Reached skill level 4 in Axes
  2467 | D:4      | Reached skill level 5 in Axes
  2565 | D:4      | You fall into a shaft and drop 3 floors!
  2742 | D:7      | Reached skill level 6 in Axes
  2742 | D:7      | Reached XP level 7. HP: 44/67 MP: 6/6
  2753 | D:7      | Noticed Jeremiah
  2759 | D:7      | Killed Jeremiah
  2760 | D:7      | Reached skill level 8 in Axes
  3032 | D:6      | Noticed Prince Ribbit
  3103 | D:6      | Reached skill level 1 in Armour
  3187 | D:6      | Reached * piety under Hepliaklqana
  3226 | D:6      | Reached XP level 8. HP: 54/66 MP: 7/7
  3228 | D:5      | Entered Level 5 of the Dungeon
  3248 | D:5      | Found Ugyzed's Antique Armour Shoppe.
  3256 | D:5      | Reached skill level 9 in Axes
  3415 | D:4      | Noticed Grinder
  3415 | D:4      | Paralysed by Grinder for 2 turns
  3426 | D:4      | Killed Grinder
  3667 | D:5      | Noticed Pikel
  3828 | D:5      | Reached skill level 10 in Axes
  3868 | D:5      | Noticed Edmund
  3872 | D:5      | Killed Pikel
  3873 | D:5      | Reached skill level 11 in Axes
  3873 | D:5      | Reached skill level 5 in Armour
  3886 | D:5      | HP: 1/66 [Edmund/+1 dire flail of holy wrath (8)]
  3890 | D:5      | Slain by Edmund

Illustrated notes

Levels and vault maps discovered:
D:1:      saegor_arrival_simple_b, layout_loops_ring
D:2:      layout_basic, basic_altar, item_on_display_a, uniq_sigmund,
          uniq_natasha
D:3:      layout_rooms, serial_shops,
          nicolae_shop_temple_entry_statues_fountains, gammafunk_ghost_split,
          hangedman_abyss_or_decor_lesser_grid
D:4:      layout_cave_pools, uniq_grinder
D:5:      layout_rooms, minmay_overflow_temple_hex, serial_shops,
          nicolae_shop_gibbet_a_chance, kennysheep_potato, uniq_edmund,
          uniq_pikel
D:6:      layout_gridville, minmay_temple_entry_nine_rooms, uniq_prince_ribbit1
D:7:      layout_gridville, nicolae_zen_rock_garden, eino_tiny_chamber,
          uniq_jeremiah, uniq_menkaure

Skill      XL: |  1  2  3  4  5  6  7  8 |
---------------+-------------------------+-----
Fighting       | 5 6 7 |  7.7
Axes           | 3 6 8 11 | 11.1
Armour         | 2 5 |  5.1
Short Blades   | |  1.1
Throwing       | |  1.0
Dodging        | |  2.1
Stealth        | |  1.5

Action                     |  1- 3 |  4- 6 |  7- 9 || total
---------------------------+-------+-------+-------++-------
  Melee: Dagger            |    47 |    16 |       ||    63
         Headbutt          |     7 |     5 |    16 ||    28
         Hand axe          |       |    30 |    68 ||    98
   Fire: Sling             |     9 |    82 |       ||    91
  Throw: Boomerang         |       |       |     5 ||     5
 Invoke: Recall Ancestor   |       |       |     4 ||     4
    Use: Scroll            |       |     5 |     1 ||     6
         Potion            |       |     2 |     6 ||     8
   Stab: Sleeping          |     1 |       |     1 ||     2
 Armour: Leather armour    |    22 |    78 |    24 ||   124
         Chain mail        |       |       |    21 ||    21
         Skin              |       |       |     7 ||     7
  Dodge: Dodged            |    19 |    79 |    33 ||   131
